Map: Infestation

Players

muppet

  • Race: Protoss Protoss
  • Spawn Location: 9:00

Gracz

  • Race: Terran Terran
  • Spawn Location: 9:00

A.I. 2 (Elite)

  • Race: Zerg Zerg
  • Spawn Location: 3:00

A.I. 3 (Elite)

  • Race: Protoss Protoss
  • Spawn Location: 3:00

VOD

Have the link to the VOD?

Description

Time

  • Played on: March 18, 2016, 7:36 p.m.
  • Length: 6:55
Show
View Real Time Build Order
Export as new Build Order

muppet Protoss 

Build Orders: Nexus First, Oracle Opening 

Get SALT Encoding   

  12  0:01  Probe (Chrono Boost)  
  13  0:12  Probe (Chrono Boost)  
  14  0:18  Pylon  
  14  0:22  Probe (Chrono Boost)  
  15  0:31  Assimilator  
  15  0:36  Probe (Chrono Boost)  
  16  1:02  Nexus  
  16  1:09  Pylon  
  16  1:20  Gateway  
  16  1:29  Probe (Chrono Boost)  
  16  1:30  Assimilator  
  18  1:40  Probe (Chrono Boost)  
  18  1:50  Probe (Chrono Boost)  
  19  2:01  Probe (Chrono Boost)  
  20  2:07  Cybernetics Core  
  20  2:10  Pylon  
  20  2:11  Probe (Chrono Boost)  
  20  2:14  Probe (Chrono Boost)  
  22  2:22  Probe (Chrono Boost)  
  23  2:25  Probe (Chrono Boost)  
  24  2:32  Probe (Chrono Boost)  
  24  2:36  Probe (Chrono Boost)  
  26  2:43  Probe (Chrono Boost), Gateway  
  27  2:48  Stargate  
  27  2:51  Probe (Chrono Boost)  
  27  2:57  Probe (Chrono Boost)  
  29  3:02  Probe (Chrono Boost)  
  30  3:08  Mothership Core (Chrono Boost)  
  33  3:12  Probe (Chrono Boost)  
  33  3:17  Warp Gate  
  33  3:23  Probe (Chrono Boost)  
  33  3:26  Probe (Chrono Boost)  
  35  3:29  Assimilator  
  35  3:31  Oracle (Chrono Boost)  
  35  3:32  Probe (Chrono Boost)  
  39  3:38  Gateway  
  39  3:41  Gateway  
  39  3:54  Pylon  
  39  3:59  Stalker x2  
  39  4:01  Probe  
  43  4:03  Probe  
  45  4:11  Assimilator  
  45  4:14  Pylon  
  45  4:15  Probe  
  46  4:29  Stalker  
  48  4:54  Void Ray (Chrono Boost)  
  48  4:59  Stalker  
  52  5:00  Gateway  
  52  5:02  Gateway  
  40  6:17  Pylon  
  40  6:19  Pylon  
  40  6:20  Pylon  
Show
View Real Time Build Order
Export as new Build Order

Gracz Terran 

Build Orders:  

Get SALT Encoding   

  12  0:03  SCV  
  13  0:15  SCV  
  14  0:29  Refinery  
  14  0:32  Supply Depot  
  14  0:36  SCV  
  15  0:54  SCV  
  16  1:04  Supply Depot  
  16  1:09  Barracks  
  16  1:12  SCV  
  17  1:21  Engineering Bay  
  17  1:28  Barracks  
  17  1:40  Supply Depot  
  17  1:46  SCV  
  18  2:03  Barracks  
  18  2:10  Supply Depot  
  18  2:28  Factory  
  18  2:35  SCV  
  18  2:36  Refinery  
  19  2:37  Barracks Reactor  
  19  2:47  SCV  
  19  2:50  Supply Depot  
  20  2:58  Barracks  
  20  3:00  SCV  
  21  3:08  Engineering Bay  
  21  3:12  SCV  
  22  3:23  Missile Turret  
  22  3:24  SCV  
  22  3:26  Factory Tech Lab  
  23  3:56  Sensor Tower  
  23  4:06  Command Center  
  23  4:14  Orbital Command  
  23  4:19  Marine  
  23  4:20  Marine  
  25  4:45  Barracks Reactor x2  
  23  5:07  Marine x2  
  23  5:13  Command Center  
  25  5:22  Supply Depot  
  25  5:24  Marine  
  25  5:28  Marine x5  
  29  5:42  Marine  
  28  5:45  Marine  
  28  5:46  Marine x2, Reaper x2  
  28  6:00  Reaper  
  25  6:13  Hellion  
  25  6:15  Reaper x2  
  25  6:16  Reaper  
  30  6:18  Reaper  
Show
View Real Time Build Order
Export as new Build Order

A.I. 2 (Elite) Zerg 

Build Orders: Pool First 

Get SALT Encoding   

  12  0:01  Drone  
  13  0:12  Overlord  
  13  0:17  Drone  
  14  0:30  Drone  
  15  0:41  Spawning Pool  
  15  0:42  Drone  
  15  0:46  Drone  
  16  0:50  Drone  
  16  0:53  Extractor  
  16  0:56  Drone  
  17  1:06  Drone  
  18  1:17  Drone  
  19  1:29  Queen  
  19  1:30  Zergling x2  
  22  1:33  Roach Warren  
  22  1:38  Overlord  
  21  1:49  Drone  
  22  1:59  Overlord  
  22  2:13  Roach  
  24  2:21  Roach  
  26  2:32  Roach  
  26  2:36  Roach x2, Overlord  
  34  2:44  Roach  
  34  2:54  Roach  
  36  3:05  Roach  
  38  3:07  Roach  
  38  3:08  Roach x2  
  44  3:17  Roach  
  46  3:28  Overlord  
  46  3:38  Overlord  
  46  3:47  Roach x3  
  52  3:57  Zergling x2  
  52  3:58  Hatchery  
  52  4:15  Lair  
  49  4:26  Zergling x2  
  49  4:28  Extractor  
  47  4:32  Drone  
  47  4:35  Drone  
  47  4:39  Drone  
  47  4:43  Drone  
  47  4:46  Drone  
  47  4:50  Drone  
  49  4:54  Drone  
  49  4:58  Drone  
  51  5:05  Drone  
  52  5:11  Drone  
  52  5:14  Hydralisk Den  
  50  5:15  Drone x2  
  50  5:18  Drone  
  53  5:23  Drone  
  53  5:27  Drone  
  55  5:29  Drone  
  55  5:33  Drone  
  55  5:39  Drone  
  55  5:42  Zergling x2  
  56  5:46  Hydralisk, Infestation Pit, Drone  
  58  5:54  Drone, Overlord  
  59  5:58  Hydralisk  
  59  6:01  Drone  
  59  6:04  Drone  
  61  6:12  Drone  
  61  6:14  Drone  
  61  6:18  Roach, Drone, Overlord  
  64  6:24  Drone  
  64  6:25  Drone  
  68  6:34  Extractor  
  68  6:35  Drone  
  68  6:36  Drone  
  69  6:41  Evolution Chamber  
  69  6:45  Evolution Chamber  
  69  6:51  Extractor  
  72  6:54  Hatchery  
Show
View Real Time Build Order
Export as new Build Order

A.I. 3 (Elite) Protoss 

Build Orders: 1 Gate Expand 

Get SALT Encoding   

  12  0:01  Probe (Chrono Boost)  
  13  0:11  Probe (Chrono Boost)  
  14  0:20  Pylon  
  14  0:22  Probe (Chrono Boost)  
  15  0:38  Probe (Chrono Boost)  
  16  0:48  Probe (Chrono Boost)  
  17  0:51  Gateway  
  17  0:59  Probe (Chrono Boost)  
  18  1:09  Probe (Chrono Boost)  
  18  1:11  Assimilator  
  19  1:15  Pylon  
  19  1:20  Probe (Chrono Boost)  
  20  1:35  Nexus  
  20  1:45  Cybernetics Core  
  21  1:47  Probe (Chrono Boost)  
  21  1:51  Zealot  
  23  2:06  Gateway  
  23  2:08  Probe (Chrono Boost)  
  24  2:17  Pylon  
  24  2:19  Probe (Chrono Boost)  
  25  2:23  Warp Gate, Zealot  
  28  2:30  Probe (Chrono Boost)  
  28  2:39  Assimilator  
  28  2:42  Probe (Chrono Boost)  
  29  2:48  Adept  
  29  2:49  Probe (Chrono Boost)  
  32  2:52  Adept  
  34  3:01  Probe (Chrono Boost)  
  35  3:09  Pylon  
  35  3:10  Probe (Chrono Boost)  
  36  3:15  Probe (Chrono Boost)  
  37  3:22  Gateway  
  37  3:23  Probe (Chrono Boost)  
  37  3:25  Adept  
  38  3:31  Probe (Chrono Boost)  
  38  3:33  Adept  
  41  3:39  Probe (Chrono Boost)  
  44  3:42  Probe (Chrono Boost)  
  45  3:50  Probe (Chrono Boost)  
  45  3:51  Adept  
  45  3:54  Probe (Chrono Boost)  
  49  3:58  Adept  
  49  4:01  Probe (Chrono Boost)  
  52  4:05  Probe (Chrono Boost)  
  52  4:08  Adept  
  55  4:12  Probe (Chrono Boost)  
  55  4:16  Pylon  
  55  4:17  Probe (Chrono Boost)  
  57  4:22  Pylon  
  57  4:24  Probe (Chrono Boost)  
  58  4:26  Stalker  
  58  4:28  Probe (Chrono Boost)  
  61  4:34  Stalker  
  61  4:36  Probe (Chrono Boost)  
  64  4:39  Probe (Chrono Boost)  
  64  4:43  Stalker  
  64  4:44  Twilight Council  
  67  4:47  Probe (Chrono Boost)  
  67  4:51  Probe (Chrono Boost)  
  67  4:52  Pylon  
  69  4:53  Stalker  
  69  4:57  Stalker  
  74  5:00  Probe (Chrono Boost)  
  74  5:02  Probe (Chrono Boost)  
  75  5:07  Sentry  
  78  5:14  Probe (Chrono Boost)  
  78  5:17  Pylon  
  78  5:19  Probe (Chrono Boost)  
  73  5:24  Templar Archives  
  73  5:25  Probe (Chrono Boost)  
  73  5:28  Assimilator  
  67  5:30  Probe (Chrono Boost)  
  60  5:35  Probe (Chrono Boost)  
  60  5:36  Assimilator  
  60  5:40  Probe (Chrono Boost)  
  53  5:46  Probe (Chrono Boost)  
  50  5:51  Probe (Chrono Boost)  
  50  5:55  Zealot  
  52  5:57  Probe (Chrono Boost)  
  52  6:00  High Templar  
  52  6:02  Probe (Chrono Boost)  
  55  6:08  Probe (Chrono Boost)  
  56  6:13  Probe (Chrono Boost)  
  57  6:19  Probe (Chrono Boost)  
  57  6:21  High Templar  
  57  6:25  Probe (Chrono Boost)  
  61  6:31  Probe (Chrono Boost)  
  62  6:36  Probe (Chrono Boost)  
  62  6:39  Sentry  
  65  6:42  Probe (Chrono Boost)  
  67  6:49  Stalker  
Tags
 
Add a new tag
Caveats
  • Supply blocks, unpowered buildings, or Contaminate may cause inaccurate times.
  • Supply counts are checked every 10 seconds.